 Dungeon Crawl Stone Soup version 0.17.1-2-g5865329 (webtiles) character file.

51 namelastname112 the Magician (level 3, 0/29 HPs)
             Began as a Draconian Wizard on Jan 11, 2016.
             Killed from afar by Terence (9 damage)
             ... with a wand of flame
             ... on level 2 of the Dungeon.
             The game lasted 00:02:17 (1153 turns).

namelastname112 the Magician (Draconian Wizard)     Turns: 1153, Time: 00:02:17

Health: 0/29       AC:  6    Str:  9    XL:     3   Next: 58%
Magic:  8/8        EV: 12    Int: 19    God:
Gold:   87         SH:  0    Dex:  9    Spells: 1 memorised, 8 levels left

rFire  . . .     SeeInvis .     (no weapon)
rCold  . . .     Clarity  .     (armour unavailable)
rNeg   . . .     SustAt   .     (no shield)
rPois  .         Gourm    .     a - +0 hat
rElec  .         Spirit   .     (no cloak)
rCorr  .         Warding  .     (no gloves)
rMut   .         Stasis   .     i - +0 pair of boots
MR     .....                    (no amulet)
Stlth  +.........               (no ring)
                                (no ring)

@: not resistant to hostile enchantments, very unstealthy
A: unfitting armour, cold-blooded, AC +5
a: no special abilities


You were on level 2 of the Dungeon.
You were hungry.

You visited 1 branch of the dungeon, and saw 2 of its levels.

You collected 87 gold pieces.

Inventory:

Armour
 a - a +0 hat (worn)
 i - a +0 pair of boots (worn)
Jewellery
 f - an uncursed ring of fire
Wands
 j - a wand of flame (15)
Scrolls
 d - a scroll of amnesia {unknown}
 h - a scroll of recharging {unknown}
Potions
 e - a potion of brilliance {unknown}
 g - a potion of magic {unknown}
Books
 b - a book of Minor Magic

   Spells                             Type                      Level
   a - Magic Dart                     Conjuration                  1
   b - Blink                          Translocation                2
   c - Call Imp                       Summoning                    2
   d - Repel Missiles                 Charms/Air                   2
   e - Slow                           Hexes                        2
   f - Conjure Flame                  Conjuration/Fire             3
   g - Mephitic Cloud                 Conjuration/Poison/Air       3
Comestibles
 c - a bread ration
 k - a royal jelly


   Skills:
 + Level 1.9 Fighting
 + Level 2.5 Dodging
 - Level 1.7 Stealth
 + Level 3.5 Spellcasting
 - Level 1.0 Conjurations
   Level 1.0 Summonings
   Level 1.0 Translocations


You had 8 spell levels left.
You knew the following spells:

 Your Spells              Type           Power        Failure   Level  Hunger
z - Magic Dart            Conj           #...         12%         1    None


Dungeon Overview and Level Annotations

Branches:
Dungeon (2/15)

Altars:

Annotations:
D:2 Terence


Innate Abilities, Weirdness & Mutations

Your plain brown scales are hard (AC +5).
Your body does not fit into most forms of armour.
You are cold-blooded and may be slowed by cold attacks.


Message History

Key pressed, stopping explore.
HP restored.
Key pressed, stopping explore.
Key pressed, stopping explore.
k - a royal jelly
Found a hand axe.
You see here a hand axe.
Key pressed, stopping explore.
Key pressed, stopping explore.
Key pressed, stopping explore.
A hobgoblin and Terence come into view.
Terence shouts!
The hobgoblin shouts!
Terence zaps a wand.
The puff of flame hits you!
It is a wand of flame.
Terence zaps a wand.
The puff of flame hits you!
Terence zaps a wand.
The puff of flame misses you.
Terence zaps a wand.
The puff of flame hits you!
Terence zaps a wand.
The puff of flame hits you!
* * * LOW HITPOINT WARNING * * *
Terence zaps a wand.
The puff of flame hits you!
You die...

#.# #### #.# #... #.# #.##
#. #######.# #.# .
##.####.......### #.# ##.
................# #.#
.....
#.......#.##.#.####.#
#..###.###...........)...#
#.........@.##.##...######
.#................##
##..##...##......@g.# #.##
##..##.###.###.#
#..###.#.##.# #.###.###
###<....##.##.# #.....@.#
.........#.......#
#####.#g#
..####.....##.##.# #.#.#
...........##.# #.#.######


You could see Terence and a hobgoblin.

Vanquished Creatures
  2 adders (D:2)
  3 oozes (D:1)
  A worm (D:2)
  A giant cockroach (D:1)
  2 hobgoblins
  A ball python (D:1)
  A bat (D:2)
  2 giant newts (D:1)
  A goblin (D:2)
  4 kobolds
  5 rats (D:1)
23 creatures vanquished.

Notes
Turn   | Place    | Note
--------------------------------------------------------------
     0 | D:1      | namelastname112 the Draconian Wizard began the quest for the Orb.
     0 | D:1      | Reached XP level 1. HP: 14/14 MP: 4/4
   111 | D:1      | Reached XP level 2. HP: 13/22 MP: 4/6
   690 | D:1      | Reached skill level 1 in Fighting
   755 | D:2      | Reached XP level 3. HP: 19/28 MP: 4/7
  1131 | D:2      | Noticed Terence
  1153 | D:2      | Killed from afar by Terence

Action                   || total
-------------------------++-------
Melee: Unarmed           ||    69
 Cast: Magic Dart        ||    44
Evoke: Wand              ||     3
 Stab: Sleeping          ||     2
